 Dungeon Crawl Stone Soup version 0.31-a0-217-g58bb5d79cf (webtiles) character file.

Game seed: 241451586763193293

116 qw the Chopper (level 5, -8/32 HPs)
             Began as a Gargoyle Fighter on July 2, 2023.
             Blown up by Ijyb (16 damage)
             ... with a mindburst bolt
             ... on level 3 of the Dungeon.
             The game lasted 00:01:09 (2207 turns).

qw the Chopper (Gargoyle Fighter)                   Turns: 2207, Time: 00:01:10

Health: -8/32      AC: 12    Str: 22    XL:     5   Next: 0%
Magic:  5/5        EV:  6    Int:  8    God:
Gold:   106        SH: 11    Dex:  9    Spells: 4/4 levels left

rFire   . . .        Y - +0 war axe
rCold   . . .        f - +0 tower shield
rNeg    + . .        b - +0 scale mail
rPois   inf          j - +0 helmet
rElec   +            (no cloak)
rCorr   .            (no gloves)
SInv    .            (no boots)
Will    .....        (no amulet) Stlth
                     (no ring)
HPRegen 0.25/turn    (no ring)
MPRegen 0.09/turn

%: no passive effects
@: no status effects
A: sickness immunity, AC +4, negative energy resistance 1, electricity
resistance, torment resistance 1, petrification resistance
a: no special abilities


You were on level 3 of the Dungeon.
You visited 1 branch of the dungeon, and saw 3 of its levels.

You collected 106 gold pieces.


Innate Abilities, Weirdness & Mutations

You are immune to sickness and miasma.
Your stone body is resilient. (AC +4)
You are immune to poison.
You resist negative energy. (rN+)
You are resistant to electric shocks. (rElec)
You are resistant to unholy torment.
You are immune to petrification.


   Skills:
 - Level 3.2 Fighting
 - Level 4.2 Axes
 - Level 3.2 Armour
 + Level 3.8 Shields


You had 4 spell levels left.
You didn't know any spells.
Your spell library was empty.

Inventory:

Hand Weapons
 m - a +0 mace
 Y - a +0 war axe (weapon)
Armour
 b - a +0 scale mail (worn)
 c - a +0 pair of gloves
 f - a +0 tower shield (worn)
 j - a +0 helmet (worn)
Scrolls
 l - a scroll of identify
Potions
 a - a potion of mutation {unknown}
 d - a potion of might
 e - a potion of curing {unknown}
 g - a potion of lignification {unknown}
 h - a potion of enlightenment {unknown}
 i - a potion of attraction
 k - a potion of haste {unknown}

Dungeon Overview and Level Annotations

Branches:
Dungeon (3/15)

Altars:

Annotations:
D:3 Ijyb


Message History

2200 ||| FLEEEEING.
2201 ||| FLEEEEING.
2202 ||| FLEEEEING.
Ijyb zaps a wand.
Your mind is blasted!
Enter note:
Enter note:
Enter note:
Enter note:
Enter note:
Enter note:
Enter note:
Enter note:
Enter note:
2203 ||| FLEEEEING.
Enter note:
Enter note:
Enter note:
Enter note:
Enter note:
Enter note:
Enter note:
Enter note:
Enter note:
2204 ||| FLEEEEING.
2205 ||| FLEEEEING.
2206 ||| FLEEEEING.
Enter note:
Enter note:
Enter note:
Enter note:
Enter note:
Enter note:
Enter note:
Enter note:
Enter note:
2207 ||| FLEEEEING.
Ijyb screams, "Level is mine!
All mine!"
Ijyb zaps a wand.
Your mind is blasted!
Ouch! That really hurt!
You die...

.#.###.<#.#...............
. . #..#.###.g#....#####
...
#..#...........##.##.....
#..#.###.............#
.......#...............#
..........................
........#...#.#....#..#.#.
#.#.........#.#..#..#.#.#..
#.......@.#.##...........
#.........#.##........#.#
...........(.......#......
.###.#...#.#<##.#......#.#
.......................#
.........................
###..............<......#
##...#..#####.#..#.>.#.#
.....................#.#


You could see Ijyb.

Vanquished Creatures
  7 adders
  3 ball pythons
  4 endoplasms
  2 giant cockroaches
  7 goblins
  5 hobgoblins
  5 quokkas
  4 bats (D:2)
  6 frilled lizards
  4 kobolds
  4 rats
51 creatures vanquished.

Notes
Turn   | Place    | Note
-------+----------+-------------------------------------------
     0 | D:1      | qw the Gargoyle Fighter began the quest for the Orb.
     0 | D:1      | Reached XP level 1. HP: 14/14 MP: 1/1
     0 | D:1      | 0 ||| qw: Version: 0.3-a-40-ge99b1a8
     0 | D:1      | 0 ||| qw: Game counter: 130
     0 | D:1      | 0 ||| qw: Melee chars always use a shield: true
     0 | D:1      | 0 ||| qw: God list: Okawaru
     0 | D:1      | 0 ||| qw: Allow faded altars: false
     0 | D:1      | 0 ||| qw: Do Orc after clearing Dungeon:15 true
     0 | D:1      | 0 ||| qw: Do second Lair branch before Depths: true
     0 | D:1      | 0 ||| qw: Lair rune preference: random
     0 | D:1      | 0 ||| qw: Goals: Normal, Zot:1-4, Slime:5, God:TSO, Crypt,
                  | Tomb, Abyss, Pan, Hells, Win
     0 | D:1      | 0 ||| PLANNING D:1-11
    61 | D:1      | Reached skill level 2 in Axes
   225 | D:1      | Reached XP level 2. HP: 19/19 MP: 2/2
   367 | D:1      | 367 ||| Stepping ~*~*~tactically~*~*~ (stealth).
   549 | D:1      | 549 ||| Stepping ~*~*~tactically~*~*~ (stealth).
   598 | D:1      | Reached skill level 3 in Axes
   659 | D:1      | Reached XP level 3. HP: 23/23 MP: 3/3
   684 | D:1      | 684 ||| Stepping ~*~*~tactically~*~*~ (stealth).
   857 | D:1      | 857 ||| DROPPING +0 club.
   858 | D:1      | 858 ||| UPGRADING to +0 helmet.
   863 | D:1      | 863 ||| READING scroll labelled PEFEETZ TITTEM.
   864 | D:1      | 864 ||| READING scroll labelled HUBBOR BARA.
   869 | D:1      | 869 ||| DRINKING 2 emerald potions.
  1143 | D:2      | 1143 ||| Stepping ~*~*~tactically~*~*~ (stealth).
  1156 | D:2      | 1156 ||| Stepping ~*~*~tactically~*~*~ (stealth).
  1208 | D:2      | Reached XP level 4. HP: 27/28 MP: 4/4
  1281 | D:2      | Reached skill level 4 in Axes
  1311 | D:2      | 1311 ||| Stepping ~*~*~tactically~*~*~ (hiding).
  1816 | D:2      | 1816 ||| DROPPING scarf of shadows.
  1817 | D:2      | 1817 ||| UPGRADING to +0 tower shield.
  1827 | D:2      | 1827 ||| DROPPING +0 buckler.
  1828 | D:2      | 1828 ||| DROPPING ring of magical power.
  1829 | D:2      | 1829 ||| READING scroll labelled UBBUJE GIKLI.
  1923 | D:3      | 1923 ||| STAIRDANCE
  2023 | D:3      | 2023 ||| Stepping ~*~*~tactically~*~*~ (stealth).
  2024 | D:3      | 2024 ||| Stepping ~*~*~tactically~*~*~ (stealth).
  2161 | D:3      | Reached XP level 5. HP: 32/32 MP: 5/5
  2184 | D:3      | Noticed Ijyb
  2185 | D:3      | 2185 ||| FLEEEEING.
  2186 | D:3      | 2186 ||| FLEEEEING.
  2187 | D:3      | 2187 ||| FLEEEEING.
  2190 | D:3      | 2190 ||| FLEEEEING.
  2193 | D:3      | 2193 ||| FLEEEEING.
  2194 | D:3      | 2194 ||| FLEEEEING.
  2195 | D:3      | 2195 ||| FLEEEEING.
  2196 | D:3      | 2196 ||| FLEEEEING.
  2197 | D:3      | 2197 ||| FLEEEEING.
  2199 | D:3      | 2199 ||| FLEEEEING.
  2200 | D:3      | 2200 ||| FLEEEEING.
  2201 | D:3      | 2201 ||| FLEEEEING.
  2202 | D:3      | 2202 ||| FLEEEEING.
  2202 | D:3      | HP: 6/32 [disintegration (10)]
  2203 | D:3      | 2203 ||| FLEEEEING.
  2204 | D:3      | 2204 ||| FLEEEEING.
  2205 | D:3      | 2205 ||| FLEEEEING.
  2206 | D:3      | 2206 ||| FLEEEEING.
  2207 | D:3      | 2207 ||| FLEEEEING.
  2207 | D:3      | Blown up by Ijyb

Levels and vault maps discovered:
D:1:      dpeg_arrival_round_a, layout_basic
D:2:      layout_basic
D:3:      layout_basic, uniq_ijyb

Skill      XL: |  1  2  3  4 |
---------------+-------------+-----
Axes           | 2 3 4 |  4.2
Fighting       | |  3.2
Armour         | |  3.2
Shields        | |  3.8

Action                     |  1- 3 |  4- 6 || total
---------------------------+-------+-------++-------
  Melee: War axe           |   101 |    65 ||   166
    Use: Scroll            |     2 |     1 ||     3
         Potion            |     1 |       ||     1
 Armour: Scale mail        |    53 |    34 ||    87
  Dodge: Dodged            |    30 |    23 ||    53
  Block: Buckler           |    15 |     8 ||    23
         Tower shield      |       |    15 ||    15

Table legend:
 A = Non-vault XP
 B = Vault XP
 C = Vault XP percentage of total XP
 D = Non-vault monster count
 E = Vault monster count
 F = Vault count percentage of total count
                 A         B        C        D         E       F
            +---------+---------+-------+---------+---------+-------
      Total |     166 |       0 |   0.0 |      51 |       0 |   0.0
            +---------+---------+-------+---------+---------+-------
        D:1 |      36 |       0 |   0.0 |      21 |       0 |   0.0
        D:2 |     108 |       0 |   0.0 |      24 |       0 |   0.0
        D:3 |      22 |       0 |   0.0 |       6 |       0 |   0.0
            +---------+---------+-------+---------+---------+-------
